 Dungeon Crawl Stone Soup version 0.26-a0-1139-g7d2dc893a1 (webtiles) character file.

Game seed: 8756738009835840591

14380 sahdkjhfkaj the Unseen (level 11, -8/54 HPs)
             Began as a Felid Berserker on Dec 22, 2020.
             Was a High Priest of Trog.
             Mangled by a death yak (25 damage)
             ... on level 6 of the Lair of Beasts.
             The game lasted 00:44:53 (26082 turns).

sahdkjhfkaj the Unseen (Felid Berserker)           Turns: 26082, Time: 00:44:54

Health: -8/54      AC:  3    Str: 17    XL:     11   Next: 88%
Magic:  12/12      EV: 31    Int:  9    God:    Trog [*****.]
Gold:   1101       SH:  0    Dex: 16    Spells: 10/10 levels left
                                        Lives:  0   Deaths: 2

rFire    . . .     SeeInvis +     - Unarmed
rCold    + . .     Faith    .   (shield unavailable)
rNeg     . . .     Spirit   .   (armour unavailable)
rPois    .         Reflect  .   (helmet unavailable)
rElec    .         Harm     .   (cloak unavailable)
rCorr    .         Rampage  .   (gloves unavailable)
Will     +....                  (boots unavailable)
Stlth    ++++++++..             (no amulet)
HPRegen  0.18/turn              (no ring)
MPRegen  0.13/turn              (no ring)

@: quick
A: very small, no armour, no weapons or thrown items, stealth, claws 1, fangs 3,
see invisible, speed 1, shaggy fur 3, sharp paws
a: Renounce Religion, Berserk, Trog's Hand, Brothers in Arms


You were on level 6 of the Lair of Beasts.
You worshipped Trog.
Trog was extremely pleased with you.
You visited 2 branches of the dungeon, and saw 16 of its levels.
You also visited: Sewer.

You collected 1101 gold pieces.

Inventory:

Jewellery
 t - a cursed ring of teleportation {unknown}
 y - an uncursed ring of stealth {unknown}
 z - an uncursed ring of stealth {unknown}
 E - an uncursed amulet of faith {unknown}
 G - a +4 ring of evasion {unknown}
 N - an uncursed amulet of faith {unknown}
 O - an uncursed amulet of guardian spirit {unknown}
 P - an uncursed ring of poison resistance {unknown}
Wands
 A - a wand of digging (7)
 B - a wand of iceblast (7)
 H - a wand of paralysis (13)
 Q - a wand of polymorph (5)
Scrolls
 a - 4 scrolls of fog {unknown}
 c - 12 scrolls of identify {unknown}
 d - 13 scrolls of teleportation {unknown}
 e - 8 scrolls of amnesia {unknown}
 g - 8 scrolls of remove curse {unknown}
 h - a scroll of noise {unknown}
 i - 3 scrolls of random uselessness {unknown}
 q - 5 scrolls of blinking {unknown}
 r - 4 scrolls of enchant armour {unknown}
 s - 7 scrolls of enchant weapon {unknown}
 u - 3 scrolls of immolation {unknown}
 x - a scroll of vulnerability {unknown}
 C - 4 scrolls of fear {unknown}
 F - a scroll of torment {unknown}
 K - a scroll of acquirement {unknown}
 L - 3 scrolls of magic mapping {unknown}
 M - 2 scrolls of silence {unknown}
 R - a scroll of holy word {unknown}
Potions
 b - a potion of flight {unknown}
 f - 7 potions of curing {unknown}
 j - 2 potions of heal wounds
 k - 6 potions of haste {unknown}
 l - 3 potions of lignification {unknown}
 m - 7 potions of degeneration
 n - 3 potions of might {unknown}
 o - a potion of magic {unknown}
 p - 3 potions of cancellation {unknown}
 v - 3 potions of resistance {unknown}
 w - 4 potions of brilliance {unknown}
 D - a potion of berserk rage {unknown}
 I - a potion of attraction {unknown}
 J - a potion of ambrosia {unknown}


   Skills:
 - Level 10.0 Fighting
 - Level 15.0 Dodging
 + Level 19.4 Stealth
 - Level 10.0 Unarmed Combat


You had 10 spell levels left.
You didn't know any spells.
Your spell library was empty.

Dungeon Overview and Level Annotations

Branches:
Dungeon (10/15)            Temple (0/1) D:4            Lair (6/6) D:8
  Swamp (0/4) Lair:3       Spider (0/4) Lair:2        Slime (0/5) Lair:6
    Orc (0/2) D:9           Sewer (visited)

Altars:
Dithmenos
Elyvilon
Gozag
Hepliaklqana
Kikubaaqudgha
Makhleb
Okawaru
Qazlal
Trog
Vehumet
Xom
Yredelemnul
Zin
The Shining One
Jiyva

Shops:
D:10 [

Annotations:
D:9 2 transporters, ALWAYSlose's ghost, novice DsBe
Lair:3 1 runed translucent door, Clumpoid's ghost, journeyman GnFi
Lair:6 1 runed translucent door


Innate Abilities, Weirdness & Mutations

You cannot wear armour.
You are incapable of wielding weapons or throwing items.
Your paws allow you to move quietly. (Stealth)
You have sharp claws.
You have razor-sharp teeth.
You have supernaturally acute eyesight. (SInv)
You cover ground quickly.
Your thick and shaggy fur keeps you warm. (AC +3, rC+)
Your sharp claws are effective at attacking unaware monsters.


Message History

Done waiting.
You climb downwards.
Level annotation: 1 runed translucent door The seven-headed hydra bites you.
The seven-headed hydra closely misses you.
The seven-headed hydra closely misses you.
The seven-headed hydra bites you.
The seven-headed hydra closely misses you.
The seven-headed hydra closely misses you.
The seven-headed hydra misses you. The death yak gores you!!
The death yak misses you.
The seven-headed hydra completely misses you.
The seven-headed hydra completely misses you.
The seven-headed hydra completely misses you.
The seven-headed hydra completely misses you.
The seven-headed hydra completely misses you.
The seven-headed hydra bites you! The seven-headed hydra misses you.
The death yak gores you!!
You die...

...............................##
Y...............................#
...............................##
...............#................#
....YY...................#.....##
....Y......Y..................##
.............................†.##
................Y......#......#.#
................@.......##....###
.......D.Y......#....##
..##.##...............#
....##..##.........P.##
...........PP..#...P#.#
...................####
..........<........#
....#..#..##..#..###
...###########..##


You could see 3 death yaks and a seven-headed hydra.

Vanquished Creatures
  Erolcha (D:10)
  Harold (D:8)
  2 hydras
  7 death yaks
  2 bog bodies (Lair:3)
  An elephant (D:8)
  A torpor snail (Lair:4)
  3 black mambas (Lair:4)
  5 cane toads
  3 komodo dragons
  2 rime drakes
  A troll (D:10)
  A polar bear (Lair:5)
  A jumping spider (Lair:1)
  A hornet (D:7)
  Grinder (D:5)
  18 blink frogs
  Sigmund (D:2)
  2 wyverns
  35 yaks
  3 basilisks
  2 steam dragons
  14 water moccasins
  3 black bears
  2 sky beasts
  5 orc warriors
  A swamp drake (D:9)
  2 ice beasts (D:7)
  3 phantoms
  An eye of draining (D:4)
  A necrophage (D:7)
  5 ogres
  6 centaurs
  3 wolves (Lair:4)
  5 big kobolds (Sewer)
  24 bullfrogs
  Blork the orc (D:5)
  A scorpion (D:9)
  5 wights (D:8)
  An electric eel (Lair:2)
  2 centaur zombies
  2 bullfrog zombies
  5 hounds
  A jelly (D:10)
  8 orc priests
  2 centaur skeletons
  2 bullfrog skeletons
  Crazy Yiuf (D:3)
  12 orc wizards
  Natasha (thrice) (D:4 D:3)
  2 hell rats (Lair:2)
  3 iguanas
  7 worker ants
  A hound skeleton (D:4)
  A howler monkey zombie (D:5)
  A worker ant zombie (D:5)
  3 gnolls (D:8)
  12 river rats
  16 adders
  6 white imps
  8 oozes
  A worm (D:3)
  2 dart slugs
  4 leopard geckos
  41 orcs
  3 ball pythons
  7 giant cockroaches
  7 goblins
  12 hobgoblins
  16 jackals
  18 kobolds
  4 quokkas
  A ball python skeleton (D:5)
  8 bats
  4 frilled lizards
  A leopard gecko skeleton (D:5)
  16 rats
420 creatures vanquished.

Vanquished Creatures (collateral kills)
  2 hydras
  A two-headed ogre (D:9)
  A death yak (Lair:5)
  A black mamba (Lair:3)
  A polar bear (Lair:6)
  8 yaks
  An orc warrior (D:9)
  A centaur (D:9)
  2 orc wizards (D:9)
  An orc (D:9)
19 creatures vanquished.

Vanquished Creatures (others)
  A human (D:6)
  An orc wizard (D:5)
  29 fungi
  70 plants
101 creatures vanquished.

Grand Total: 540 creatures vanquished

Notes
Turn   | Place    | Note
-------+----------+-------------------------------------------
     0 | D:1      | sahdkjhfkaj the Felid Berserker began the quest for the
                  | Orb.
     0 | D:1      | Reached XP level 1. HP: 10/10 MP: 2/2
   106 | D:1      | Reached XP level 2. HP: 14/14 MP: 3/3
   369 | D:1      | Found a shimmering altar of Xom.
   553 | D:1      | Reached XP level 3. HP: 17/17 MP: 4/4
   613 | D:1      | Reached ** piety under Trog
  2106 | D:2      | Reached XP level 4. HP: 21/21 MP: 5/5
  2113 | D:2      | Reached skill level 5 in Unarmed Combat
  2702 | D:2      | Found an opulent altar of Gozag.
  2750 | D:3      | Found a burning altar of Makhleb.
  2970 | D:3      | Noticed Sigmund
  3002 | D:3      | Found a glowing golden altar of the Shining One.
  3162 | D:3      | Found an iron altar of Okawaru.
  3166 | D:3      | Found a bloodstained altar of Trog.
  3240 | D:3      | Reached XP level 5. HP: 25/25 MP: 6/6
  3296 | D:3      | Found a glowing drain.
  3307 | Sewer    | Entered a sewer
  3460 | Sewer    | Reached skill level 5 in Fighting
  3462 | Sewer    | Reached skill level 1 in Stealth
  3462 | Sewer    | Reached skill level 2 in Stealth
  3462 | Sewer    | Gained mutation: You are covered in thick fur. (AC +2)
                  | [Felid growth]
  3462 | Sewer    | Reached XP level 6. HP: 30/30 MP: 7/7
  3530 | Sewer    | Reached *** piety under Trog
  3707 | Sewer    | Reached skill level 3 in Stealth
  3707 | Sewer    | Reached skill level 4 in Stealth
  3851 | Sewer    | Reached skill level 5 in Stealth
  4130 | Sewer    | Reached skill level 5 in Dodging
  4130 | Sewer    | Reached XP level 7. HP: 30/33 MP: 8/8
  4808 | D:2      | Killed Sigmund
  4944 | D:3      | Found a runed translucent door.
  4945 | D:3      | Noticed Crazy Yiuf
  4989 | D:3      | Killed Crazy Yiuf
  5706 | D:4      | Found a staircase to the Ecumenical Temple.
  5783 | D:4      | Noticed Natasha
  5790 | D:4      | Killed Natasha
  5790 | D:4      | Reached **** piety under Trog
  5905 | D:4      | Found a bloodstained altar of Trog.
  5910 | D:4      | Noticed Natasha
  5924 | D:3      | Killed Natasha
  5925 | D:3      | Reached XP level 8. HP: 37/37 MP: 9/9
  5953 | D:3      | Noticed Natasha
  6017 | D:3      | Found an iron altar of Okawaru.
  6017 | D:3      | Found a bloodstained altar of Trog.
  6073 | D:3      | Killed Natasha
  6879 | D:5      | Entered Level 5 of the Dungeon
  7644 | D:5      | Noticed Grinder
  7655 | D:5      | Killed Grinder
  8632 | D:5      | Reached XP level 9. HP: 23/45 MP: 10/10
  8884 | D:5      | Found a glowing silver altar of Zin.
  8957 | D:5      | Noticed Blork the orc
  8967 | D:5      | Killed Blork the orc
  9491 | D:6      | Reached skill level 10 in Fighting
  9648 | D:6      | Found an ancient bone altar of Kikubaaqudgha.
 10115 | D:7      | Found a basalt altar of Yredelemnul.
 10156 | D:7      | Found a stormy altar of Qazlal.
 10175 | D:7      | Reached ***** piety under Trog
 10319 | D:7      | Found a shadowy altar of Dithmenos.
 10394 | D:8      | Found a staircase to the Lair.
 10395 | D:8      | Noticed an elephant
 10556 | D:7      | Reached skill level 10 in Dodging
 10556 | D:7      | Reached XP level 10. HP: 23/51 MP: 11/11
 10834 | D:8      | Reached skill level 6 in Stealth
 10904 | D:8      | Killed an elephant
 10905 | D:8      | Reached skill level 7 in Stealth
 10974 | D:8      | Noticed Harold
 11196 | D:8      | Found an ancient bone altar of Kikubaaqudgha.
 11249 | D:8      | Found a white marble altar of Elyvilon.
 11340 | D:8      | Found a radiant altar of Vehumet.
 11476 | D:8      | Reached skill level 8 in Stealth
 12007 | D:8      | Reached skill level 9 in Stealth
 12117 | D:8      | Killed Harold
 12118 | D:8      | Reached skill level 10 in Stealth
 12457 | D:9      | Reached skill level 11 in Stealth
 12803 | D:9      | Noticed a two-headed ogre
 12821 | D:9      | Killed a two-headed ogre
 12826 | D:9      | Reached skill level 12 in Stealth
 13283 | D:9      | Found a hazy altar of Hepliaklqana.
 13358 | D:9      | Reached skill level 13 in Stealth
 13766 | D:9      | Noticed a two-headed ogre
 13767 | D:9      | Noticed a moth of wrath
 13770 | D:9      | Identified the +9 morningstar of Tortfeasance {antimagic,
                  | rC+ Str+2}
 13770 | D:9      | Noticed an orc knight
 13770 | D:9      | Noticed ALWAYSlose's ghost (novice DsBe)
 13777 | D:9      | Found a bloodstained altar of Trog.
 13777 | D:9      | Identified the +5 halberd of Prudence {antimagic, rElec}
 13778 | D:9      | Identified the +4 broad axe "Aggiaj" {antimagic, +Inv rElec
                  | rN+ Str-3}
 13778 | D:9      | Noticed a tengu warrior
 13784 | D:9      | Found a transporter.
 13799 | D:9      | Found a transporter.
 13800 | D:9      | Noticed a two-headed ogre
 13840 | D:9      | Found a staircase to the Orcish Mines.
 14214 | D:10     | Entered Level 10 of the Dungeon
 14222 | D:10     | Reached XP level 11. HP: 54/54 MP: 12/12
 14592 | D:10     | Found Edwimeebb's Antique Armour Boutique.
 14615 | D:10     | Noticed Erolcha
 14622 | D:10     | Killed Erolcha
 14623 | D:10     | Reached skill level 14 in Stealth
 15100 | Lair:1   | Entered Level 1 of the Lair of Beasts
 15151 | Lair:1   | Noticed a five-headed hydra
 15533 | Lair:1   | Reached skill level 15 in Stealth
 15741 | Lair:1   | Killed a five-headed hydra
 17039 | Lair:2   | Found a hole to the Spider Nest.
 17080 | Lair:1   | Reached skill level 10 in Unarmed Combat
 17179 | Lair:2   | HP: 2/54 [poisoned by a cane toad]
 18455 | Lair:2   | Noticed a death yak
 18455 | Lair:2   | Noticed a death yak
 18455 | Lair:2   | Noticed a death yak
 18683 | Lair:2   | Noticed a death yak
 18717 | Lair:1   | Killed a death yak
 18718 | Lair:1   | Gained mutation: Your thick and shaggy fur keeps you warm.
                  | (AC +3, rC+) [Felid growth]
 18718 | Lair:1   | Reached XP level 12. HP: 20/58 MP: 13/13
 18975 | Lair:1   | Killed a death yak
 18976 | Lair:1   | Reached skill level 16 in Stealth
 19045 | Lair:1   | Killed a death yak
 19108 | Lair:1   | Killed a death yak
 20531 | Lair:3   | Noticed a seven-headed hydra
 20539 | Lair:3   | Killed a seven-headed hydra
 20607 | Lair:3   | Reached skill level 17 in Stealth
 20943 | Lair:3   | Noticed a four-headed hydra
 20955 | Lair:3   | Killed a four-headed hydra
 21072 | Lair:3   | Found a runed translucent door.
 21074 | Lair:3   | Noticed Clumpoid's ghost (journeyman GnFi)
 21138 | Lair:3   | Found a staircase to the Swamp.
 22205 | Lair:4   | Reached skill level 18 in Stealth
 23519 | Lair:4   | Slain by a blink frog
 23520 | Lair:4   | Reached XP level 11. HP: 0/81 MP: 12/12
 23534 | Lair:4   | Reached XP level 12. HP: 58/58 MP: 13/13
 23698 | Lair:4   | HP: 2/87 [black mamba (5)]
 23700 | Lair:4   | Succumbed to a water moccasin's poison
 23701 | Lair:4   | Reached XP level 11. HP: 0/81 MP: 12/12
 24726 | Lair:5   | Noticed an eight-headed hydra
 24729 | Lair:5   | Killed an eight-headed hydra
 24779 | Lair:6   | Entered Level 6 of the Lair of Beasts
 24845 | Lair:6   | Found a runed translucent door.
 24882 | Lair:6   | Noticed a death yak
 24897 | Lair:6   | Killed a death yak
 24901 | Lair:6   | Reached skill level 15 in Dodging
 25086 | Lair:6   | Found a viscous altar of Jiyva.
 25086 | Lair:6   | Found a staircase to the Slime Pits.
 25154 | Lair:6   | Reached skill level 19 in Stealth
 25334 | Lair:6   | Noticed a death yak
 25334 | Lair:6   | Noticed a death yak
 25337 | Lair:6   | Noticed a death yak
 25337 | Lair:6   | Noticed a death yak
 25338 | Lair:6   | Noticed a death yak
 25338 | Lair:6   | Noticed a death yak
 25687 | Lair:6   | Noticed a seven-headed hydra
 25690 | Lair:6   | Killed a death yak
 25760 | Lair:5   | Killed a death yak
 25764 | Lair:5   | Killed a death yak
 26082 | Lair:6   | Mangled by a death yak

Illustrated notes

Levels and vault maps discovered:
D:1:      wander_arrival_chamber, layout_basic, dk_noncrumbling_3,
          xom_teletrap_fun
D:2:      layout_basic, lemuel_coloured_pillars_altar
D:3:      layout_rooms, grunt_temple_overflow_open, tso_oasis_becter,
          portal_sewer_entry_e, bloody_makhleb, uniq_crazy_yiuf_cottage,
          uniq_sigmund
D:4:      layout_layer_cave, minmay_temple_entry_crystal_x,
          trog_eyes_of_draining, uniq_natasha
D:5:      layout_cave_pods, zin_statuary, uniq_grinder, uniq_blork_the_orc
D:6:      layout_cave_pools, hangedman_decor_points, corner_web_ring,
          chequers_serial_rivers_micro_d,
          hangedman_abyss_or_decor_jellyfish_corner, tgw_kikubaaqudgha
D:7:      layout_rooms, grunt_dithmenos_smoke_and_mirrors,
          nicolae_qazlal_general_emergency, kennysheep_little_box
D:8:      layout_gridville, nicolae_overflow_crystal_walls, marbit_many_paths,
          nicolae_overflow_hidden_temple, david_lair_generic, uniq_harold
D:9:      layout_cave_pools, general_overflow_altar, erik_orc_1,
          gammafunk_ghost_wrathful_warriors
D:10:     layout_rooms, serial_shops, nicolae_shop_stone, uniq_erolcha
Lair:1:   layout_gridlike, hangedman_lair_unloving_vines
Lair:2:   layout_regular_city, spider_nest_entry_a, serial_rivers,
          chequers_serial_rivers_marsh, chequers_serial_rivers_marsh,
          chequers_serial_rivers_room_b, chequers_serial_rivers_micro_e,
          fungi_pond_lemuel, kennysheep_rathole
Lair:3:   layout_cave_pods, skrybe_swamp_entry_bodies,
          ebering_ghost_reflecting_pool
Lair:4:   layout_cave_pods, st_stairs_12
Lair:5:   layout_gridlike
Lair:6:   hangedman_lair_caniforms_friends, layout_gridlike,
          dpeg_slime_entry_enclosed_altar, ebering_ghost_reflecting_pool,
          chequers_serial_rivers_micro_a, bobbens_ice_dragon_lair

Skill      XL: |  1  2  3  4  5  6  7  8  9 10 11 12 |
---------------+-------------------------------------+-----
Unarmed Combat | 4 5 7 8 10 | 10.0
Fighting       | 4 5 8 10 | 10.0
Stealth        | 2 5 13 19 18 | 19.4
Dodging        | 5 10 15 14 | 15.0

Action                   |  1- 3 |  4- 6 |  7- 9 | 10-12 || total
-------------------------+-------+-------+-------+-------++-------
Melee: Unarmed           |   102 |   128 |   376 |   878 ||  1484
       Bite              |    12 |    14 |    37 |   100 ||   163
       Punch             |       |     2 |     7 |    39 ||    48
Invok: Berserk           |     1 |     5 |    18 |    36 ||    60
       Trog's Hand       |       |       |     2 |     3 ||     5
       Brothers in Arms  |       |       |       |     7 ||     7
Evoke: Wand              |       |       |       |     3 ||     3
  Use: Potion            |       |       |       |     3 ||     3
 Stab: Sleeping          |     5 |     2 |    13 |    30 ||    50
       Distracted        |       |       |     1 |     3 ||     4
       Paralysed         |       |       |       |     1 ||     1
Armor: Skin              |     9 |     4 |    16 |    29 ||    58
Dodge: Dodged            |    70 |    84 |   272 |   949 ||  1375

Table legend: (Time is in decaauts)
 A = Elapsed time spent in this place.
 B = Non-inter-level travel time spent in this place.
 C = Inter-level travel time spent in this place.
 D = Time resting spent in this place.
 E = Time spent auto-exploring this place.
 F = Levels seen in this place.
 G = Mean time per level.
                   A        B        C        D        E       F      G
               +--------+--------+--------+--------+--------+-----+--------+
         Total |  24221 |  23653 |    568 |   8563 |  11146 |  17 | 1424.8 |
       Dungeon |  12684 |  12418 |    266 |   4075 |   6105 |  10 | 1268.4 |
          Lair |  10232 |   9931 |    301 |   4114 |   4408 |   6 | 1705.3 |
         Sewer |   1305 |   1305 |      0 |    373 |    632 |   1 | 1305.0 |
               +--------+--------+--------+--------+--------+-----+--------+

Top non-repeatable levels by time:
  Lair:2: 2607 daAuts
  Lair:1: 2530 daAuts
     D:8: 2094 daAuts
  Lair:4: 1809 daAuts
     D:2: 1801 daAuts
     D:5: 1735 daAuts
     D:4: 1587 daAuts
   Sewer: 1305 daAuts
     D:9: 1274 daAuts
  Lair:5: 1236 daAuts
  Lair:3: 1198 daAuts
     D:3: 1070 daAuts
     D:1: 997 daAuts
  Lair:6: 850 daAuts
     D:7: 808 daAuts
